Blues vs Flames
Created - April 1, 2018 at 19:03
Goals
|
| Blues |
0 |
2 |
1 |
3 |
| Flames |
2 |
3 |
2 |
7 |
|
Shots
|
| Blues |
11 |
9 |
9 |
29 |
| Flames |
15 |
11 |
14 |
40 |
|
1st period
1. Flames , Eric Staal 37 (Alexander Semin 57, David Backes 49) at 1:41 (PP)
2. Flames , Erik Johnson 14 (Brad Marchand 16) at 9:07 (PP)
Penalties :
B.J. Crombeen (STL) for Holding (Minor) at 1:17, Patrick Kaleta (STL) for High sticking (Double Minor) at 6:30, Erik Johnson (Cal) for Interference (Minor) at 11:40, Alexander Semin (Cal) for Cross-checking (Minor) at 18:50, David Perron (STL) for Hooking (Minor) at 19:33
2nd period
3. Flames , David Backes 38 (Eric Staal 63, Erik Johnson 45) at 9:32 (PP)
4. Flames , Mikhail Grabovski 8 (Marcus Nilson 16) at 11:10
5. Blues , Travis Zajac 32 (Alex Pietrangelo 58, Sergei Shirokov 18) at 11:48
6. Flames , Alexander Semin 34 (David Backes 50, Eric Staal 64) at 15:00
7. Blues , B.J. Crombeen 16 (Derek Boogaard 25) at 17:53
Penalties :
Linus Omark (STL) for Roughing (Minor) at 5:35, Patrick Kaleta (STL) for Holding (Minor) at 9:05
3rd period
8. Blues , Jason Pominville 27 (Nicklas Backstrom 61) at 0:47 (PP)
9. Flames , Steve Regier 21 (Michel Ouellet 9) at 10:07
10. Flames , Jordin Tootoo 17 (Brad Marchand 17, Patrik Berglund 29) at 14:25
Penalties :
Alexander Semin (Cal) for Hooking (Minor) at 0:45, Travis Zajac (STL) for Roughing (Minor) at 6:37
Goalie Stats
Carey Price (STL), 33 saves from 40 shots - (0.825), L, 30-28-7, 60:00 minutes
Pekka Rinne (Cal), 26 saves from 29 shots - (0.897), W, 30-19-5, 60:00 minutes
Players Stats for Blues
Player Name G A P +/- PIM S H SB GA TA FO MP PP MP PK MP
------------------------------------------------------------------------------------
Alex Pietrangelo 0 1 1 -1 0 4 3 0 0 0 0/0 27:15 1:33 4:20
B.J. Crombeen 1 0 1 -1 2 1 0 0 0 0 0/0 7:26 0:57 0:05
Bryce Lampman 0 0 0 -1 0 0 5 0 2 0 0/0 26:43 1:11 5:03
Christian Ehrhoff 0 0 0 -1 0 0 1 0 0 0 0/0 9:13 0:00 0:00
David Perron 0 0 0 -2 2 3 0 0 2 0 0/1 19:52 1:46 0:34
Derek Boogaard 0 1 1 -1 0 1 2 0 0 0 0/0 8:32 0:00 2:10
Jake Gardiner 0 0 0 0 0 2 0 0 0 0 0/0 23:10 1:33 3:25
Jason Pominville 1 0 1 -2 0 3 2 0 0 0 0/2 20:48 1:47 1:29
Linus Omark 0 0 0 0 2 0 1 0 0 0 0/0 10:47 0:00 0:02
Logan Couture 0 0 0 0 0 2 1 1 1 1 1/2 13:10 0:00 2:44
Matt Taormina 0 0 0 0 0 3 1 1 0 2 0/0 17:57 1:11 0:24
Milan Michalek 0 0 0 1 0 1 2 0 0 0 0/2 14:26 0:57 0:09
Nicklas Backstrom 0 1 1 -2 0 2 1 0 2 1 21/35 21:59 1:47 2:20
Patrick Kaleta 0 0 0 0 6 2 1 1 0 0 1/2 13:22 0:00 2:47
Sergei Shirokov 0 1 1 1 0 0 1 0 0 0 1/2 14:24 0:00 0:00
Tomas Plekanec 0 0 0 -1 0 0 2 0 0 0 3/4 7:05 0:00 0:43
Travis Zajac 1 0 1 1 2 5 2 1 0 0 7/20 18:38 0:57 3:15
Yann Sauvé 0 0 0 -1 0 0 1 1 0 1 0/0 15:42 0:00 3:06
Players Stats for Flames
Player Name G A P +/- PIM S H SB GA TA FO MP PP MP PK MP
------------------------------------------------------------------------------------
Alexander Semin 1 1 2 0 4 3 1 0 1 1 2/4 21:41 4:47 1:02
Brad Marchand 0 2 2 1 0 3 2 0 1 0 0/0 14:18 0:52 0:24
Colin Wilson 0 0 0 0 0 2 0 0 1 1 4/6 11:01 0:00 0:00
David Backes 1 2 3 0 0 4 3 0 0 1 0/1 20:35 4:41 0:00
Derek Meech 0 0 0 2 0 3 2 1 0 2 0/0 20:08 4:54 1:02
Eric Staal 1 2 3 0 0 7 3 2 2 0 13/30 22:42 4:32 1:18
Erik Johnson 1 1 2 -1 2 1 0 1 0 0 0/0 24:55 4:25 0:12
Jonathan Ferland 0 0 0 1 0 0 0 0 0 0 0/0 9:00 0:17 0:00
Jordin Tootoo 1 0 1 1 0 3 1 0 0 0 0/0 16:58 3:05 1:18
Lubomir Visnovsky 0 0 0 1 0 0 0 1 0 0 0/0 18:41 0:42 1:37
Marcus Nilson 0 1 1 1 0 2 0 1 0 0 0/0 9:00 0:17 0:00
Michel Ouellet 0 1 1 0 0 3 0 1 0 0 0/0 11:01 0:00 0:00
Mikhail Grabovski 1 0 1 1 0 4 2 0 0 1 5/10 10:35 0:09 1:26
Patrik Berglund 0 1 1 1 0 1 3 0 0 0 12/19 15:21 3:11 0:00
Ron Hainsey 0 0 0 2 0 0 0 0 0 0 0/0 16:32 3:02 0:55
Sami Vatanen 0 0 0 -1 0 0 1 1 0 0 0/0 21:58 3:02 0:23
Steve Eminger 0 0 0 1 0 1 0 3 0 1 0/0 17:54 0:13 1:19
Steve Regier 1 0 1 0 0 3 0 0 0 0 0/0 13:37 2:36 0:00
3 Stars
1 - Eric Staal (Cal)
2 - David Backes (Cal)
3 - Brad Marchand (Cal)
Power Play
Blues - 1 on 3 Attempt(s) - 33.33%
Flames - 3 on 7 Attempt(s) - 42.86%
Penalty Kill
Blues - 4 on 7 Attempt(s) - 57.14%
- Score 0 goal in Penalty Kill
Flames - 2 on 3 Attempt(s) - 66.67%
- Score 0 goal in Penalty Kill
Team Stat
Blues - Hits : 26 - Faceoff Wins : 34 - Blocked Shots : 5 - Penalty Minutes : 14
Flames - Hits : 18 - Faceoff Wins : 36 - Blocked Shots : 11 - Penalty Minutes : 6
Official
Referees : Kozari Steve and Devorski Paul
Linesman : Ryan Galloway and Thor Nelson
Game Notes
1:41 of 1st period - Flames goal is going for a video replay. After video review, Goal.
9:12 of 2nd period - Flames goal is going for a video replay. After video review, No Goal. The referee deems the play has been stopped, even if he had not physically had the opportunity to stop play by blowing his whistle.
Finance
Level 1 -- Attendance: 4561 (76.02%) -- Ticket Income $415,051
Level 2 -- Attendance: 4005 (80.10%) -- Ticket Income $228,285
Level 3 -- Attendance: 1518 (75.90%) -- Ticket Income $57,684
Level 4 -- Attendance: 2867 (71.68%) -- Ticket Income $80,276
Luxury Box -- Attendance: 880 (88.00%) -- Ticket Income $144,320
Game was played at the Metal Center.
Total Attendance: 13831 (76.84%)
Total Ticket Income: $925,616
Other Income: $138,842
Total Income: $1,064,458
Blues
5 vs 5 Forward
Center Left Wing Right Wing Time % Phy DF OF
1 Nicklas Backstrom David Perron Jason Pominville 40 1 2 2
2 Travis Zajac Milan Michalek Sergei Shirokov 30 1 2 2
3 Logan Couture Linus Omark Patrick Kaleta 20 1 2 2
4 Tomas Plekanec Derek Boogaard B.J. Crombeen 10 1 2 2
5 vs 5 Defense
Defense Defense Time % Phy DF OF
1 Alex Pietrangelo Bryce Lampman 40 1 2 2
2 Jake Gardiner Matt Taormina 30 1 2 2
3 Christian Ehrhoff Yann Sauvé 20 1 2 2
4 Jake Gardiner Yann Sauvé 10 1 2 2
PowerPlay Forward
Center Left Wing Right Wing Time % Phy DF OF
1 Nicklas Backstrom David Perron Jason Pominville 60 1 2 2
2 Travis Zajac Milan Michalek B.J. Crombeen 40 1 2 2
PowerPlay Defense
Defense Defense Time % Phy DF OF
1 Jake Gardiner Alex Pietrangelo 60 1 2 2
2 Matt Taormina Bryce Lampman 40 1 2 2
Penalty Kill 4 Players Forward
Center Wing Time % Phy DF OF
1 Travis Zajac Patrick Kaleta 60 1 2 2
2 Logan Couture Jason Pominville 40 1 2 2
Penalty Kill 4 Players Defense
Defense Defense Time % Phy DF OF
1 Alex Pietrangelo Bryce Lampman 60 1 2 2
2 Yann Sauvé Jake Gardiner 40 1 2 2
Penalty Kill - 3 Players Forward
Forward Time % Phy DF OF
1 Travis Zajac 60 1 2 2
2 Tomas Plekanec 40 1 2 2
Penalty Kill - 3 Players Defense
Defense Defense Time % Phy DF OF
1 Bryce Lampman Yann Sauvé 60 1 2 2
2 Alex Pietrangelo Jake Gardiner 40 1 2 2
4 vs 4 Forward
Center Wing Time % Phy DF OF
1 Travis Zajac Sergei Shirokov 60 1 2 2
2 Nicklas Backstrom Linus Omark 40 1 2 2
4 vs 4 Defense
Defense Defense Time % Phy DF OF
1 Matt Taormina Alex Pietrangelo 60 1 2 2
2 Bryce Lampman Jake Gardiner 40 1 2 2
Last Minutes Offensive
Center Left Wing Right Wing Defense Defense
Nicklas Backstrom David Perron Jason Pominville Jake Gardiner Alex Pietrangelo
Last Minutes Defensive
Center Left Wing Right Wing Defense Defense
Travis Zajac Milan Michalek Patrick Kaleta Bryce Lampman Yann Sauvé
Goaltenders
Starting : Carey Price
Backup : Ray Emery
Extra Forwards
Normal : Patrick Kaleta, Logan Couture, David Perron - PP : Sergei Shirokov, Tomas Plekanec - PK : Nicklas Backstrom
Extra Defensemen
Normal : Jake Gardiner, Yann Sauvé, Matt Taormina - PP : Christian Ehrhoff - PK : Alex Pietrangelo, Matt Taormina
Penalty Shots
David Perron, Logan Couture, Nicklas Backstrom, Sergei Shirokov, Travis Zajac
Scratches
Marcel Hossa (Healthy), Victor Hedman (Bruised Right Foot Injury), Rickard Wallin (Healthy)
Flames
5 vs 5 Forward
Center Left Wing Right Wing Time % Phy DF OF
1 Eric Staal Alexander Semin David Backes 40 0 2 3
2 Patrik Berglund Brad Marchand Jordin Tootoo 33 0 2 3
3 Colin Wilson Steve Regier Michel Ouellet 19 0 2 3
4 Mikhail Grabovski Marcus Nilson Jonathan Ferland 8 0 3 2
5 vs 5 Defense
Defense Defense Time % Phy DF OF
1 Sami Vatanen Erik Johnson 38 1 2 2
2 Lubomir Visnovsky Steve Eminger 29 1 2 2
3 Derek Meech Ron Hainsey 23 1 2 2
4 Lubomir Visnovsky Steve Eminger 10 1 2 2
PowerPlay Forward
Center Left Wing Right Wing Time % Phy DF OF
1 Eric Staal Alexander Semin David Backes 60 1 1 3
2 Patrik Berglund Steve Regier Jordin Tootoo 40 1 1 3
PowerPlay Defense
Defense Defense Time % Phy DF OF
1 Derek Meech Erik Johnson 60 1 1 3
2 Sami Vatanen Ron Hainsey 40 1 1 3
Penalty Kill 4 Players Forward
Center Wing Time % Phy DF OF
1 Mikhail Grabovski Alexander Semin 50 1 3 1
2 Eric Staal Jordin Tootoo 50 1 3 1
Penalty Kill 4 Players Defense
Defense Defense Time % Phy DF OF
1 Lubomir Visnovsky Steve Eminger 58 1 3 1
2 Derek Meech Erik Johnson 42 1 3 1
Penalty Kill - 3 Players Forward
Forward Time % Phy DF OF
1 Eric Staal 50 1 3 1
2 Alexander Semin 50 1 3 1
Penalty Kill - 3 Players Defense
Defense Defense Time % Phy DF OF
1 Lubomir Visnovsky Steve Eminger 58 1 3 1
2 Derek Meech Erik Johnson 42 1 3 1
4 vs 4 Forward
Center Wing Time % Phy DF OF
1 Eric Staal Alexander Semin 60 1 2 2
2 Patrik Berglund Jordin Tootoo 40 1 2 2
4 vs 4 Defense
Defense Defense Time % Phy DF OF
1 Derek Meech Erik Johnson 60 1 2 2
2 Lubomir Visnovsky Steve Eminger 40 1 2 2
Last Minutes Offensive
Center Left Wing Right Wing Defense Defense
Eric Staal Alexander Semin David Backes Sami Vatanen Erik Johnson
Last Minutes Defensive
Center Left Wing Right Wing Defense Defense
Eric Staal Alexander Semin David Backes Lubomir Visnovsky Erik Johnson
Goaltenders
Starting : Pekka Rinne
Backup : Josh Harding
Extra Forwards
Normal : Brad Marchand, Jordin Tootoo, Patrik Berglund - PP : Brad Marchand, Jordin Tootoo - PK : Brad Marchand
Extra Defensemen
Normal : Derek Meech, Steve Eminger, Lubomir Visnovsky - PP : Derek Meech - PK : Erik Johnson, Ron Hainsey
Penalty Shots
Eric Staal, Alexander Semin, David Backes, Patrik Berglund, Colin Wilson
Scratches
Brendan Mikkelson (Healthy)
% Time on Ice - Blues
Lines # - Real PCT - Wanted PCT - Time Play
Normal Forward
1 - 37% - 40% - 17:43
2 - 28% - 30% - 13:20
3 - 22% - 20% - 10:26
4 - 13% - 10% - 6:22
Normal Defense
1 - 42% - 40% - 20:13
2 - 32% - 30% - 15:22
3 - 19% - 20% - 9:13
4 - 6% - 10% - 3:03
PP Forward
1 - 65% - 60% - 1:47
2 - 35% - 40% - 0:57
PP Defense
1 - 57% - 60% - 1:33
2 - 43% - 40% - 1:11
PK Forward
1 - 81% - 60% - 6:38
2 - 19% - 40% - 1:31
PK Defense
1 - 53% - 60% - 4:20
2 - 47% - 40% - 3:49
PK3 Forward
1 - 0% - 60%
2 - 0% - 40%
PK3 Defense
1 - 0% - 60%
2 - 0% - 40%
44 Forward
1 - 86% - 60% - 1:05
2 - 14% - 40% - 0:11
44 Defense
1 - 91% - 60% - 1:09
2 - 9% - 40% - 0:07
Last Minute Offensive - 0:00
Last Minute Defensive - 0:00
Total
Forward - 60:00
Defense - 60:00
|
% Time on Ice - Flames
Lines # - Real PCT - Wanted PCT - Time Play
Normal Forward
1 - 33% - 40% - 15:54
2 - 26% - 33% - 12:13
3 - 23% - 19% - 11:01
4 - 18% - 8% - 8:43
Normal Defense
1 - 40% - 38% - 19:09
2 - 29% - 29% - 13:41
3 - 26% - 23% - 12:25
4 - 5% - 10% - 2:36
PP Forward
1 - 59% - 60% - 4:47
2 - 41% - 40% - 3:22
PP Defense
1 - 60% - 60% - 4:54
2 - 40% - 40% - 3:15
PK Forward
1 - 52% - 50% - 1:26
2 - 48% - 50% - 1:18
PK Defense
1 - 48% - 58% - 1:19
2 - 52% - 42% - 1:25
PK3 Forward
1 - 0% - 50%
2 - 0% - 50%
PK3 Defense
1 - 0% - 58%
2 - 0% - 42%
44 Forward
1 - 100% - 60% - 1:16
2 - 0% - 40% - 0:00
44 Defense
1 - 80% - 60% - 1:01
2 - 20% - 40% - 0:15
Last Minute Offensive - 0:00
Last Minute Defensive - 0:00
Total
Forward - 60:00
Defense - 60:00
|
Play by Play
1st period
0:01 of 1st period - Nicklas Backstrom wins face-off versus Eric Staal in neutral zone.
0:08 of 1st period - Snap shot by Alex Pietrangelo.
0:08 of 1st period - Deflect By Jason Pominville.
0:08 of 1st period - Shot Misses the Net.
0:08 of 1st period - Puck is out of play.
0:09 of 1st period - Eric Staal wins face-off versus Nicklas Backstrom in Flames zone.
0:40 of 1st period - Erik Johnson is hit by Bryce Lampman and loses puck.
0:47 of 1st period - Slapshot by David Perron.
0:47 of 1st period - Stopped by Pekka Rinne without a rebound.
0:48 of 1st period - Patrik Berglund wins face-off versus Milan Michalek in Flames zone.
1:17 of 1st period - Minor Penalty to B.J. Crombeen for Holding.
1:18 of 1st period - Eric Staal wins face-off versus Travis Zajac in Blues zone.
1:29 of 1st period - Wrist shot by David Backes.
1:29 of 1st period - Stopped by Carey Price without a rebound.
1:30 of 1st period - Eric Staal wins face-off versus Travis Zajac in Blues zone.
1:39 of 1st period - Snap shot by Alexander Semin.
1:39 of 1st period - Shot Blocked by Travis Zajac.
1:41 of 1st period - Wrist shot by Eric Staal.
1:41 of 1st period - Flames goal is going for a video replay.
1:41 of 1st period - The goal is good.
1:41 of 1st period - Goal by Eric Staal - Blues : 0 - Flames : 1.
1:42 of 1st period - Colin Wilson wins face-off versus Logan Couture in neutral zone.
2:07 of 1st period - Patrick Kaleta is hit by Derek Meech and loses puck.
2:14 of 1st period - Snap shot by Linus Omark.
2:14 of 1st period - Shot Misses the Net.
2:16 of 1st period - Slapshot by Jake Gardiner.
2:16 of 1st period - Stopped by Pekka Rinne with a rebound.
2:18 of 1st period - Snap shot by Matt Taormina.
2:18 of 1st period - Stopped by Pekka Rinne with a rebound.
2:20 of 1st period - Slapshot by Matt Taormina.
2:20 of 1st period - Stopped by Pekka Rinne without a rebound.
2:21 of 1st period - Patrik Berglund wins face-off versus Travis Zajac in Flames zone.
2:26 of 1st period - Yann Sauvé is hit by Jordin Tootoo and loses puck.
2:54 of 1st period - Wrist shot by Alexander Semin.
2:54 of 1st period - Shot Misses the Net.
3:27 of 1st period - Wrist shot by Mikhail Grabovski.
3:27 of 1st period - Shot Misses the Net.
3:35 of 1st period - Slapshot by Steve Eminger.
3:35 of 1st period - Stopped by Carey Price without a rebound.
3:36 of 1st period - Travis Zajac wins face-off versus Eric Staal in Blues zone.
4:52 of 1st period - Wrist shot by Mikhail Grabovski.
4:52 of 1st period - Shot Blocked by Logan Couture.
4:54 of 1st period - Slapshot by Mikhail Grabovski.
4:54 of 1st period - Shot Misses the Net.
4:56 of 1st period - Slapshot by Steve Eminger.
4:56 of 1st period - Shot Hit the Post.
5:06 of 1st period - Snap shot by Eric Staal.
5:06 of 1st period - Stopped by Carey Price without a rebound.
5:07 of 1st period - Travis Zajac wins face-off versus Eric Staal in Blues zone.
5:23 of 1st period - Snap shot by Alexander Semin.
5:23 of 1st period - Stopped by Carey Price without a rebound.
5:24 of 1st period - Patrik Berglund wins face-off versus Nicklas Backstrom in Blues zone.
5:51 of 1st period - Matt Taormina is hit by Eric Staal and loses puck.
6:20 of 1st period - Slapshot by Mikhail Grabovski.
6:20 of 1st period - Shot Misses the Net.
6:30 of 1st period - Double Minor Penalty to Patrick Kaleta for High sticking.
6:31 of 1st period - Eric Staal wins face-off versus Travis Zajac in Blues zone.
6:58 of 1st period - Steve Regier is hit by Bryce Lampman and loses puck.
8:28 of 1st period - Ron Hainsey is hit by Logan Couture and loses puck.
9:05 of 1st period - Slapshot by Erik Johnson.
9:05 of 1st period - Deflect By Brad Marchand.
9:05 of 1st period - Stopped by Carey Price with a rebound.
9:07 of 1st period - Slapshot by Erik Johnson.
9:07 of 1st period - Goal by Erik Johnson - Blues : 0 - Flames : 2.
9:08 of 1st period - Patrik Berglund wins face-off versus Nicklas Backstrom in neutral zone.
9:11 of 1st period - Bryce Lampman is hit by Brad Marchand and loses puck.
9:18 of 1st period - Slapshot by Alex Pietrangelo.
9:18 of 1st period - Shot Misses the Net.
9:20 of 1st period - Snap shot by Alex Pietrangelo.
9:20 of 1st period - Stopped by Pekka Rinne with a rebound.
9:22 of 1st period - Slapshot by Alex Pietrangelo.
9:22 of 1st period - Stopped by Pekka Rinne with a rebound.
9:24 of 1st period - Backhand shot by Jason Pominville.
9:24 of 1st period - Shot Misses the Net.
9:48 of 1st period - Patrik Berglund is hit by Patrick Kaleta and loses puck.
10:01 of 1st period - Snap shot by Travis Zajac.
10:01 of 1st period - Shot Misses the Net.
11:17 of 1st period - Icing by Patrick Kaleta.
11:18 of 1st period - Colin Wilson wins face-off versus Patrick Kaleta in Blues zone.
11:40 of 1st period - Minor Penalty to Erik Johnson for Interference.
11:41 of 1st period - Nicklas Backstrom wins face-off versus Mikhail Grabovski in Flames zone.
11:41 of 1st period - Slapshot by Alex Pietrangelo.
11:41 of 1st period - Deflect By Alexander Semin.
11:41 of 1st period - Stopped by Pekka Rinne without a rebound.
11:42 of 1st period - Nicklas Backstrom wins face-off versus Mikhail Grabovski in Flames zone.
12:13 of 1st period - Wrist shot by Jordin Tootoo.
12:13 of 1st period - Stopped by Carey Price with a rebound.
13:05 of 1st period - Eric Staal is hit by Alex Pietrangelo and loses puck.
13:23 of 1st period - Icing by Alex Pietrangelo.
13:24 of 1st period - Mikhail Grabovski wins face-off versus Nicklas Backstrom in Blues zone.
13:40 of 1st period - Penalty to Erik Johnson is over, Erik Johnson is back on ice.
13:48 of 1st period - Off-side.
13:49 of 1st period - Logan Couture wins face-off versus Colin Wilson in neutral zone.
13:54 of 1st period - Backhand shot by Alex Pietrangelo.
13:54 of 1st period - Shot Misses the Net.
14:14 of 1st period - Steve Eminger is hit by Jason Pominville and loses puck.
15:08 of 1st period - Icing by Alex Pietrangelo.
15:09 of 1st period - Tomas Plekanec wins face-off versus Colin Wilson in Blues zone.
15:24 of 1st period - Wrist shot by David Perron.
15:24 of 1st period - Deflect By Nicklas Backstrom.
15:24 of 1st period - Shot Misses the Net.
15:24 of 1st period - Puck is out of play.
15:25 of 1st period - Travis Zajac wins face-off versus Eric Staal in Flames zone.
15:32 of 1st period - Snap shot by Sergei Shirokov.
15:32 of 1st period - Deflect By Travis Zajac.
15:32 of 1st period - Shot Misses the Net.
15:32 of 1st period - Puck is out of play.
15:33 of 1st period - Sergei Shirokov wins face-off versus David Backes in Flames zone.
15:34 of 1st period - Snap shot by Travis Zajac.
15:34 of 1st period - Stopped by Pekka Rinne without a rebound.
15:35 of 1st period - Alexander Semin wins face-off versus Travis Zajac in Flames zone.
15:35 of 1st period - Alexander Semin is hit by Matt Taormina.
16:00 of 1st period - Icing by Eric Staal.
16:01 of 1st period - Nicklas Backstrom wins face-off versus Eric Staal in Flames zone.
16:12 of 1st period - Wrist shot by Eric Staal.
16:12 of 1st period - Stopped by Carey Price with a rebound.
16:14 of 1st period - Wrist shot by David Backes.
16:14 of 1st period - Stopped by Carey Price without a rebound.
16:15 of 1st period - Nicklas Backstrom wins face-off versus Patrik Berglund in Blues zone.
16:50 of 1st period - Wrist shot by Brad Marchand.
16:50 of 1st period - Stopped by Carey Price with a rebound.
16:52 of 1st period - Slapshot by Derek Meech.
16:52 of 1st period - Stopped by Carey Price without a rebound.
16:53 of 1st period - Travis Zajac wins face-off versus Eric Staal in Blues zone.
17:04 of 1st period - Snap shot by Travis Zajac.
17:04 of 1st period - Stopped by Pekka Rinne with a rebound.
17:08 of 1st period - Snap shot by Travis Zajac.
17:08 of 1st period - Shot Blocked by Sami Vatanen.
17:10 of 1st period - Slapshot by Jake Gardiner.
17:10 of 1st period - Stopped by Pekka Rinne with a rebound.
17:38 of 1st period - Icing by Sami Vatanen.
17:39 of 1st period - Colin Wilson wins face-off versus Tomas Plekanec in Flames zone.
17:39 of 1st period - Colin Wilson is hit by Derek Boogaard.
17:53 of 1st period - Wrist shot by Jordin Tootoo.
17:53 of 1st period - Stopped by Carey Price without a rebound.
17:54 of 1st period - Nicklas Backstrom wins face-off versus Eric Staal in Blues zone.
17:54 of 1st period - Nicklas Backstrom is hit by David Backes.
18:26 of 1st period - Snap shot by Eric Staal.
18:26 of 1st period - Stopped by Carey Price with a rebound.
18:34 of 1st period - Wrist shot by David Backes.
18:34 of 1st period - Shot Blocked by Patrick Kaleta.
18:50 of 1st period - Minor Penalty to Alexander Semin for Cross-checking.
18:51 of 1st period - Nicklas Backstrom wins face-off versus Eric Staal in Flames zone.
18:58 of 1st period - Slapshot by Alex Pietrangelo.
18:58 of 1st period - Shot Blocked by Eric Staal.
19:00 of 1st period - Snap shot by Jason Pominville.
19:00 of 1st period - Shot Misses the Net.
19:02 of 1st period - Wrist shot by Jason Pominville.
19:02 of 1st period - Stopped by Pekka Rinne without a rebound.
19:03 of 1st period - Nicklas Backstrom wins face-off versus Mikhail Grabovski in Flames zone.
19:33 of 1st period - Minor Penalty to David Perron for Hooking.
19:34 of 1st period - Travis Zajac wins face-off versus Eric Staal in Blues zone.
19:45 of 1st period - Slapshot by Travis Zajac.
19:45 of 1st period - Deflect By Sergei Shirokov.
19:45 of 1st period - Shot Misses the Net.
19:45 of 1st period - Puck is out of play.
19:46 of 1st period - Eric Staal wins face-off versus Sergei Shirokov in Flames zone.
19:55 of 1st period - Slapshot by Eric Staal.
19:55 of 1st period - Stopped by Carey Price with a rebound.
19:58 of 1st period - Icing by Matt Taormina.
19:59 of 1st period - Eric Staal wins face-off versus Travis Zajac in Blues zone.
Goals for this period are 0 for Blues vs 2 for Flames.
Shots for this period are 11 for Blues vs 15 for Flames.
2nd period
0:01 of 2nd period - Travis Zajac wins face-off versus Eric Staal in neutral zone.
0:06 of 2nd period - Derek Meech is hit by Travis Zajac and loses puck.
0:11 of 2nd period - Slapshot by Alex Pietrangelo.
0:11 of 2nd period - Shot Blocked by Eric Staal.
0:13 of 2nd period - Wrist shot by Travis Zajac.
0:13 of 2nd period - Shot Blocked by Derek Meech.
0:15 of 2nd period - Slapshot by Travis Zajac.
0:15 of 2nd period - Stopped by Pekka Rinne with a rebound.
0:17 of 2nd period - Wrist shot by Alex Pietrangelo.
0:17 of 2nd period - Shot Misses the Net.
0:50 of 2nd period - Penalty to Alexander Semin is over, Alexander Semin is back on ice.
1:09 of 2nd period - Jordin Tootoo is hit by Bryce Lampman and loses puck.
1:30 of 2nd period - Slapshot by Alexander Semin.
1:30 of 2nd period - Shot Misses the Net.
1:32 of 2nd period - Slapshot by Derek Meech.
1:32 of 2nd period - Stopped by Carey Price without a rebound.
1:33 of 2nd period - Penalty to David Perron is over, David Perron is back on ice.
1:33 of 2nd period - Mikhail Grabovski wins face-off versus Nicklas Backstrom in Blues zone.
1:58 of 2nd period - Slapshot by Derek Meech.
1:58 of 2nd period - Stopped by Carey Price with a rebound.
2:56 of 2nd period - Marcus Nilson is hit by Bryce Lampman and loses puck.
4:18 of 2nd period - Backhand shot by Patrick Kaleta.
4:18 of 2nd period - Stopped by Pekka Rinne without a rebound.
4:19 of 2nd period - Eric Staal wins face-off versus Nicklas Backstrom in Flames zone.
4:19 of 2nd period - Eric Staal is hit by Alex Pietrangelo.
4:33 of 2nd period - Slapshot by David Perron.
4:33 of 2nd period - Stopped by Pekka Rinne without a rebound.
4:34 of 2nd period - Patrik Berglund wins face-off versus Nicklas Backstrom in Flames zone.
4:34 of 2nd period - Patrik Berglund is hit by Nicklas Backstrom.
4:40 of 2nd period - Snap shot by Patrik Berglund.
4:40 of 2nd period - Stopped by Carey Price with a rebound.
4:46 of 2nd period - Bryce Lampman is hit by Derek Meech and loses puck.
5:35 of 2nd period - Minor Penalty to Linus Omark for Roughing.
5:36 of 2nd period - Eric Staal wins face-off versus Travis Zajac in Blues zone.
7:08 of 2nd period - Steve Regier is hit by Derek Boogaard and loses puck.
7:35 of 2nd period - Penalty to Linus Omark is over, Linus Omark is back on ice.
7:43 of 2nd period - Wrist shot by Nicklas Backstrom.
7:43 of 2nd period - Stopped by Pekka Rinne without a rebound.
7:44 of 2nd period - Mikhail Grabovski wins face-off versus Nicklas Backstrom in Flames zone.
8:09 of 2nd period - Snap shot by Steve Regier.
8:09 of 2nd period - Stopped by Carey Price without a rebound.
8:10 of 2nd period - Colin Wilson wins face-off versus Travis Zajac in Blues zone.
8:39 of 2nd period - Alex Pietrangelo is hit by Patrik Berglund and loses puck.
9:05 of 2nd period - Minor Penalty to Patrick Kaleta for Holding.
9:06 of 2nd period - Eric Staal wins face-off versus Travis Zajac in Blues zone.
9:08 of 2nd period - Slapshot by Eric Staal.
9:08 of 2nd period - Stopped by Carey Price with a rebound.
9:10 of 2nd period - Snap shot by Erik Johnson.
9:10 of 2nd period - Shot Misses the Net.
9:12 of 2nd period - Snap shot by David Backes.
9:12 of 2nd period - Flames goal is going for a video replay.
9:12 of 2nd period - The goal is refused. The referee deems the play has been stopped, even if he had not physically had the opportunity to stop play by blowing his whistle..
9:13 of 2nd period - Eric Staal wins face-off versus Travis Zajac in Blues zone.
9:18 of 2nd period - Slapshot by Alexander Semin.
9:18 of 2nd period - Shot Blocked by Yann Sauvé.
9:32 of 2nd period - Slapshot by David Backes.
9:32 of 2nd period - Goal by David Backes - Blues : 0 - Flames : 3.
9:33 of 2nd period - Nicklas Backstrom wins face-off versus Eric Staal in neutral zone.
9:33 of 2nd period - Jason Pominville is hit by Alexander Semin and loses puck.
10:02 of 2nd period - Wrist shot by Linus Omark.
10:02 of 2nd period - Shot Misses the Net.
10:10 of 2nd period - Slapshot by Erik Johnson.
10:10 of 2nd period - Shot Blocked by Matt Taormina.
10:12 of 2nd period - Snap shot by Eric Staal.
10:12 of 2nd period - Stopped by Carey Price with a rebound.
11:08 of 2nd period - Wrist shot by Mikhail Grabovski.
11:08 of 2nd period - Shot Misses the Net.
11:10 of 2nd period - Snap shot by Mikhail Grabovski.
11:10 of 2nd period - Goal by Mikhail Grabovski - Blues : 0 - Flames : 4.
11:11 of 2nd period - Nicklas Backstrom wins face-off versus Patrik Berglund in neutral zone.
11:14 of 2nd period - Slapshot by Jason Pominville.
11:14 of 2nd period - Shot Misses the Net.
11:36 of 2nd period - Eric Staal is hit by Milan Michalek.
11:48 of 2nd period - Wrist shot by Travis Zajac.
11:48 of 2nd period - Goal by Travis Zajac - Blues : 1 - Flames : 4.
11:49 of 2nd period - Nicklas Backstrom wins face-off versus Patrik Berglund in neutral zone.
11:52 of 2nd period - Jordin Tootoo is hit by Bryce Lampman.
12:22 of 2nd period - Snap shot by Colin Wilson.
12:22 of 2nd period - Stopped by Carey Price with a rebound.
12:30 of 2nd period - Slapshot by Alex Pietrangelo.
12:30 of 2nd period - Stopped by Pekka Rinne with a rebound.
14:29 of 2nd period - Snap shot by Patrick Kaleta.
14:29 of 2nd period - Shot Blocked by Steve Eminger.
14:31 of 2nd period - Backhand shot by Sergei Shirokov.
14:31 of 2nd period - Shot Blocked by Lubomir Visnovsky.
14:33 of 2nd period - Slapshot by Matt Taormina.
14:33 of 2nd period - Stopped by Pekka Rinne without a rebound.
14:34 of 2nd period - Travis Zajac wins face-off versus Eric Staal in Flames zone.
14:37 of 2nd period - Snap shot by Travis Zajac.
14:37 of 2nd period - Shot Misses the Net.
14:39 of 2nd period - Snap shot by Sergei Shirokov.
14:39 of 2nd period - Shot Misses the Net.
14:41 of 2nd period - Snap shot by Travis Zajac.
14:41 of 2nd period - Stopped by Pekka Rinne without a rebound.
14:42 of 2nd period - Nicklas Backstrom wins face-off versus Eric Staal in Flames zone.
14:46 of 2nd period - Icing by Ron Hainsey.
14:47 of 2nd period - Nicklas Backstrom wins face-off versus Alexander Semin in Flames zone.
15:00 of 2nd period - Snap shot by Alexander Semin.
15:00 of 2nd period - Goal by Alexander Semin - Blues : 1 - Flames : 5.
15:01 of 2nd period - Patrik Berglund wins face-off versus David Perron in neutral zone.
15:24 of 2nd period - Snap shot by Eric Staal.
15:24 of 2nd period - Shot Misses the Net.
15:36 of 2nd period - Wrist shot by Sergei Shirokov.
15:36 of 2nd period - Shot Blocked by Steve Eminger.
16:12 of 2nd period - Patrik Berglund is hit by Tomas Plekanec and loses puck.
17:19 of 2nd period - Wrist shot by Yann Sauvé.
17:19 of 2nd period - Shot Blocked by Michel Ouellet.
17:53 of 2nd period - Snap shot by B.J. Crombeen.
17:53 of 2nd period - Goal by B.J. Crombeen - Blues : 2 - Flames : 5.
17:54 of 2nd period - Nicklas Backstrom wins face-off versus Patrik Berglund in neutral zone.
18:31 of 2nd period - Milan Michalek is hit by Sami Vatanen and loses puck.
19:34 of 2nd period - Derek Boogaard is hit by Patrik Berglund and loses puck.
Goals for this period are 2 for Blues vs 3 for Flames.
Shots for this period are 9 for Blues vs 11 for Flames.
3rd period
0:01 of 3rd period - Eric Staal wins face-off versus Nicklas Backstrom in neutral zone.
0:12 of 3rd period - David Backes is hit by Alex Pietrangelo and loses puck.
0:27 of 3rd period - Slapshot by Patrick Kaleta.
0:27 of 3rd period - Shot Misses the Net.
0:29 of 3rd period - Slapshot by Matt Taormina.
0:29 of 3rd period - Shot Misses the Net.
0:39 of 3rd period - Snap shot by Patrick Kaleta.
0:39 of 3rd period - Deflect By Logan Couture.
0:39 of 3rd period - Stopped by Pekka Rinne with a rebound.
0:45 of 3rd period - Minor Penalty to Alexander Semin for Hooking.
0:46 of 3rd period - Nicklas Backstrom wins face-off versus Mikhail Grabovski in Flames zone.
0:47 of 3rd period - Snap shot by Jason Pominville.
0:47 of 3rd period - Goal by Jason Pominville - Blues : 3 - Flames : 5.
0:48 of 3rd period - Nicklas Backstrom wins face-off versus Patrik Berglund in neutral zone.
1:03 of 3rd period - Alex Pietrangelo is hit by Patrik Berglund and loses puck.
1:14 of 3rd period - Alexander Semin is hit by Travis Zajac and loses puck.
1:23 of 3rd period - Bryce Lampman is hit by David Backes.
2:03 of 3rd period - Wrist shot by Mikhail Grabovski.
2:03 of 3rd period - Stopped by Carey Price without a rebound.
2:04 of 3rd period - Tomas Plekanec wins face-off versus Patrik Berglund in Blues zone.
2:09 of 3rd period - Steve Eminger is hit by Tomas Plekanec and loses puck.
2:55 of 3rd period - Snap shot by Jonathan Ferland.
2:55 of 3rd period - Deflect By Marcus Nilson.
2:55 of 3rd period - Stopped by Carey Price without a rebound.
2:56 of 3rd period - Mikhail Grabovski wins face-off versus Travis Zajac in Blues zone.
3:12 of 3rd period - Milan Michalek is hit by Mikhail Grabovski and loses puck.
3:33 of 3rd period - Wrist shot by Mikhail Grabovski.
3:33 of 3rd period - Stopped by Carey Price with a rebound.
3:39 of 3rd period - Slapshot by Marcus Nilson.
3:39 of 3rd period - Stopped by Carey Price with a rebound.
4:08 of 3rd period - Snap shot by Mikhail Grabovski.
4:08 of 3rd period - Stopped by Carey Price without a rebound.
4:09 of 3rd period - Patrik Berglund wins face-off versus Nicklas Backstrom in Blues zone.
4:20 of 3rd period - Snap shot by Nicklas Backstrom.
4:20 of 3rd period - Stopped by Pekka Rinne without a rebound.
4:21 of 3rd period - Nicklas Backstrom wins face-off versus Patrik Berglund in Flames zone.
4:24 of 3rd period - Wrist shot by David Perron.
4:24 of 3rd period - Stopped by Pekka Rinne without a rebound.
4:25 of 3rd period - Patrik Berglund wins face-off versus Nicklas Backstrom in Flames zone.
4:25 of 3rd period - Patrik Berglund is hit by Jason Pominville.
4:39 of 3rd period - Snap shot by Brad Marchand.
4:39 of 3rd period - Stopped by Carey Price without a rebound.
4:40 of 3rd period - Nicklas Backstrom wins face-off versus Alexander Semin in Blues zone.
5:25 of 3rd period - Wrist shot by Jason Pominville.
5:25 of 3rd period - Stopped by Pekka Rinne with a rebound.
6:32 of 3rd period - Snap shot by Steve Regier.
6:32 of 3rd period - Deflect By Michel Ouellet.
6:32 of 3rd period - Stopped by Carey Price without a rebound.
6:33 of 3rd period - Patrik Berglund wins face-off versus Travis Zajac in Blues zone.
6:37 of 3rd period - Minor Penalty to Travis Zajac for Roughing.
6:38 of 3rd period - Patrick Kaleta wins face-off versus Eric Staal in Blues zone.
8:37 of 3rd period - Penalty to Travis Zajac is over, Travis Zajac is back on ice.
8:47 of 3rd period - Off-side.
8:48 of 3rd period - Mikhail Grabovski wins face-off versus Milan Michalek in neutral zone.
8:51 of 3rd period - Backhand shot by Mikhail Grabovski.
8:51 of 3rd period - Shot Misses the Net.
8:57 of 3rd period - Lubomir Visnovsky is hit by Sergei Shirokov and loses puck.
9:10 of 3rd period - Snap shot by Sergei Shirokov.
9:10 of 3rd period - Shot Blocked by Marcus Nilson.
9:12 of 3rd period - Backhand shot by Milan Michalek.
9:12 of 3rd period - Shot Blocked by Steve Eminger.
9:14 of 3rd period - Slapshot by Milan Michalek.
9:14 of 3rd period - Stopped by Pekka Rinne without a rebound.
9:15 of 3rd period - Patrik Berglund wins face-off versus Nicklas Backstrom in Flames zone.
9:28 of 3rd period - Snap shot by Jason Pominville.
9:28 of 3rd period - Shot Misses the Net.
9:42 of 3rd period - Patrick Kaleta is hit by David Backes and loses puck.
10:07 of 3rd period - Slapshot by Steve Regier.
10:07 of 3rd period - Goal by Steve Regier - Blues : 3 - Flames : 6.
10:08 of 3rd period - Eric Staal wins face-off versus Nicklas Backstrom in neutral zone.
11:02 of 3rd period - Wrist shot by Logan Couture.
11:02 of 3rd period - Stopped by Pekka Rinne with a rebound.
11:04 of 3rd period - Snap shot by Logan Couture.
11:04 of 3rd period - Shot Misses the Net.
11:06 of 3rd period - Snap shot by Patrick Kaleta.
11:06 of 3rd period - Stopped by Pekka Rinne with a rebound.
11:08 of 3rd period - Wrist shot by Bryce Lampman.
11:08 of 3rd period - Shot Misses the Net.
11:10 of 3rd period - Slapshot by Alex Pietrangelo.
11:10 of 3rd period - Shot Blocked by Erik Johnson.
11:21 of 3rd period - Off-side.
11:22 of 3rd period - Tomas Plekanec wins face-off versus Mikhail Grabovski in neutral zone.
11:25 of 3rd period - Mikhail Grabovski is hit by Yann Sauvé and loses puck.
11:38 of 3rd period - Derek Boogaard is hit by Mikhail Grabovski and loses puck.
12:00 of 3rd period - Snap shot by Derek Boogaard.
12:00 of 3rd period - Stopped by Pekka Rinne without a rebound.
12:01 of 3rd period - Nicklas Backstrom wins face-off versus Eric Staal in Flames zone.
12:13 of 3rd period - Icing by Eric Staal.
12:14 of 3rd period - Nicklas Backstrom wins face-off versus Eric Staal in Flames zone.
12:17 of 3rd period - Wrist shot by Nicklas Backstrom.
12:17 of 3rd period - Shot Misses the Net.
12:29 of 3rd period - Snap shot by Alexander Semin.
12:29 of 3rd period - Stopped by Carey Price without a rebound.
12:30 of 3rd period - Patrik Berglund wins face-off versus Travis Zajac in Blues zone.
13:36 of 3rd period - Steve Regier is hit by Milan Michalek and loses puck.
14:03 of 3rd period - Slapshot by Colin Wilson.
14:03 of 3rd period - Stopped by Carey Price with a rebound.
14:07 of 3rd period - Snap shot by Michel Ouellet.
14:07 of 3rd period - Stopped by Carey Price with a rebound.
14:09 of 3rd period - Slapshot by Derek Meech.
14:09 of 3rd period - Deflect By Michel Ouellet.
14:09 of 3rd period - Shot Misses the Net.
14:09 of 3rd period - Puck is out of play.
14:10 of 3rd period - Patrik Berglund wins face-off versus Jason Pominville in Blues zone.
14:25 of 3rd period - Snap shot by Jordin Tootoo.
14:25 of 3rd period - Goal by Jordin Tootoo - Blues : 3 - Flames : 7.
14:26 of 3rd period - Eric Staal wins face-off versus Jason Pominville in neutral zone.
15:36 of 3rd period - Bryce Lampman is hit by Eric Staal and loses puck.
15:59 of 3rd period - Slapshot by Marcus Nilson.
15:59 of 3rd period - Shot Misses the Net.
16:43 of 3rd period - Slapshot by Steve Regier.
16:43 of 3rd period - Stopped by Carey Price without a rebound.
16:44 of 3rd period - Alexander Semin wins face-off versus Nicklas Backstrom in Blues zone.
17:01 of 3rd period - David Perron is hit by Eric Staal.
18:03 of 3rd period - Wrist shot by Michel Ouellet.
18:03 of 3rd period - Stopped by Carey Price without a rebound.
18:04 of 3rd period - Nicklas Backstrom wins face-off versus Eric Staal in Blues zone.
18:31 of 3rd period - Jordin Tootoo is hit by Linus Omark and loses puck.
19:42 of 3rd period - Yann Sauvé is hit by Brad Marchand.
19:52 of 3rd period - Colin Wilson is hit by Christian Ehrhoff and loses puck.
Goals for this period are 1 for Blues vs 2 for Flames.
Shots for this period are 9 for Blues vs 14 for Flames.
Back to the Top